 Dungeon Crawl Stone Soup version 0.26-a0-52-gd53d4cd058 (webtiles) character file.

Game seed: 3479299729560657642

2714 Hasart the Chopper (level 9, -9/71 HPs)
             Began as a Formicid Fighter on June 6, 2020.
             Was a Believer of Ru.
             Mangled by a gnoll
             ... wielding a +0 halberd
              (12 damage)
             ... on level 7 of the Dungeon.
             The game lasted 00:17:53 (8937 turns).

Hasart the Chopper (Formicid Fighter)               Turns: 8937, Time: 00:17:54

Health: -9/71      AC:  2    Str: 28    XL:     9   Next: 98%
Magic:  18/18      EV:  9    Int: 10    God:    Ru [**....]
Gold:   309        SH: 11    Dex: 10    Spells: 8/8 levels left

rFire    . . .     SeeInvis +   a - +1 war axe
rCold    . . .     Gourm    .   c - +0 kite shield
rNeg     . . .     Faith    +   b - +0 scale mail
rPois    .         Spirit   .   (helmet unavailable)
rElec    .         Reflect  .   (no cloak)
rCorr    .         Harm     .   (no gloves)
MR       .....                  (no boots)
Stlth    ..........             g - amulet of faith
HPRegen  0.21/turn              B - ring of magical power
MPRegen  0.16/turn              q - +6 ring of strength

@: no scrolls, lightly drained
A: permanent stasis, dig shafts and tunnels, four strong arms, antennae 3,
inability to read while threatened, reduced AC 1
a: Dig, Shaft Self, Renounce Religion


You were on level 7 of the Dungeon.
You worshipped Ru.
Ru was pleased with you.
You were not hungry.

You visited 1 branch of the dungeon, and saw 7 of its levels.
You also visited: Sewer.

You collected 309 gold pieces.

Inventory:

Hand Weapons
 a - a +1 war axe (weapon)
Missiles
 j - 9 poisoned darts
 x - 7 javelins (quivered)
Armour
 b - a +0 scale mail (worn)
 c - a +0 kite shield (worn)
 o - a +2 leather armour of cold resistance
Jewellery
 g - an amulet of faith (around neck)
 h - an uncursed ring of wizardry
 l - an uncursed ring of fire
 q - a +6 ring of strength (right hand)
 B - a ring of magical power (left hand)
Wands
 i - a wand of enslavement (8)
Scrolls
 e - 3 scrolls of enchant weapon
 m - 3 scrolls of teleportation {unknown}
 n - 3 scrolls of amnesia {unknown}
 p - 5 scrolls of identify {unknown}
 r - 2 scrolls of enchant armour {unknown}
 u - a scroll of random uselessness {unknown}
 v - 3 scrolls of noise {unknown}
 y - 2 scrolls of fear {unknown}
 C - a scroll of remove curse
Potions
 d - 2 potions of might
 s - 3 potions of degeneration {unknown}
 t - 3 potions of stabbing {unknown}
 w - a potion of invisibility {unknown}
 z - 2 potions of mutation {unknown}
 A - a potion of haste {unknown}
 D - a potion of lignification {unknown}
 E - 2 potions of ambrosia
 F - a potion of brilliance {unknown}
Comestibles
 f - 9 rations


   Skills:
 + Level 6.7(6.3) Fighting
 * Level 7.8(7.4) Axes
 + Level 4.7(4.3) Throwing
 + Level 6.7(6.3) Armour
 + Level 7.3(6.9) Shields


You had 8 spell levels left.
You didn't know any spells.
Your spell library contained the following spells:

 Spells                   Type           Power        Failure   Level  Hunger
 Freeze                   Ice            #...         77%         1    ##.....
 Sandblast                Erth           #.....       77%         1    ##.....
 Passwall                 Tmut/Erth      #.......     88%         2    ###....
 Frozen Ramparts          Ice            #.....       98%         3    ####...
 Ozocubu's Armour         Chrm/Ice       #.......     98%         3    ####...
 Stone Arrow              Conj/Erth      #.....       98%         3    ####...
 Hailstorm                Conj/Ice       #.......     100%        4    #####..
 Petrify                  Tmut/Erth      #.......     100%        4    #####..
 Summon Ice Beast         Ice/Summ       #.......     100%        4    #####..
 Lee's Rapid Deconstruct  Erth           #.........   100%        5    ######.


Dungeon Overview and Level Annotations

Branches:
Dungeon (7/15)             Temple (0/1) D:4           Sewer (visited)

Altars:
Ashenzari
Dithmenos
Elyvilon
Gozag
Makhleb
Ru
Trog
Wu Jian
Zin


Innate Abilities, Weirdness & Mutations

You cannot be hasted, slowed, berserked, paralysed or teleported.
You can dig through walls and to a lower floor.
Your four strong arms can wield two-handed weapons with a shield.
You have a pair of large antennae on your head. (SInv)
You cannot read scrolls while threatened.
You take slightly more damage. (AC -5)


Message History

The gnoll sergeant hits you but does no damage.
The gnoll hits you with a +0 halberd!
* * * LOW HITPOINT WARNING * * *
You focus your will and illuminate the gnoll in retribution!
Unknown command.
You feel better.
You can read scrolls again.
The gnoll sergeant barely misses you. The gnoll hits you with a +0 halberd!
You feel threatened and lose the ability to read scrolls!
* * * LOW HITPOINT WARNING * * *
Okay, then.
You feel better.
The gnoll sergeant hits you with a +0 spear!
* * * LOW HITPOINT WARNING * * *
You block the gnoll's attack.
Unknown command.
The gnoll sergeant hits you from afar with a +0 spear.
* * * LOW HITPOINT WARNING * * *
The gnoll hits you from afar with a +0 halberd!
You die...

#.......................#
##......................#
#......................#
#......................#
#......................#
#............_.........#
#....##.......g......###
#....######.).g......##
#######.....@.#.......#
#.............#.......#
#.......<.[...#.......#
#.......[.....#.......#
###..##..##..##..##..##
####..##..##..##..#######
...........#.............
...........#.............
...........+.............


You could see a gnoll sergeant and a gnoll (corona).

Vanquished Creatures
  A hungry ghost (D:7)
  Duvessa (D:6)
  Purgy (Sewer)
  A sky beast (D:6)
  2 ice beasts (D:5)
  2 eyes of draining (D:4)
  5 centaurs
  A big kobold (D:6)
  A bullfrog (D:7)
  Dowan (D:6)
  2 scorpions
  2 killer bees (D:6)
  7 wights
  2 crimson imps
  A jelly (D:5)
  2 bullfrog skeletons
  2 orc priests
  3 hounds
  3 orc wizards
  Jessica (D:3)
  Ijyb (D:3)
  An iguana (D:6)
  2 worker ants
  A killer bee zombie (D:6)
  Robin (D:2)
  A worker ant zombie (D:6)
  A howler monkey skeleton (D:7)
  7 adders
  5 gnolls
  2 shadow imps
  An ooze (D:2)
  5 worms
  6 dart slugs
  4 leopard geckos
  13 orcs
  11 bats
  7 giant cockroaches
  16 goblins
  12 hobgoblins
  4 jackals (D:2)
  5 quokkas
  A ball python (D:1)
  2 frilled lizards
  A jackal skeleton (D:4)
  20 kobolds
  11 rats
182 creatures vanquished.

Vanquished Creatures (others)
  An orc wizard (D:4)
  A worm (D:4)
2 creatures vanquished.

Grand Total: 184 creatures vanquished

Notes
Turn   | Place    | Note
-------+----------+-------------------------------------------
     0 | D:1      | Hasart the Formicid Fighter began the quest for the Orb.
     0 | D:1      | Reached XP level 1. HP: 18/18 MP: 1/1
   118 | D:1      | Reached XP level 2. HP: 23/24 MP: 2/2
   384 | D:1      | Reached XP level 3. HP: 27/29 MP: 3/3
   996 | D:2      | HP: 1/30 [bat (1)]
  1284 | D:2      | Reached XP level 4. HP: 37/37 MP: 4/4
  1527 | D:2      | Found an ornate altar of the Wu Jian Council.
  1823 | D:2      | Noticed Robin
  1841 | D:2      | Killed Robin
  1841 | D:2      | Reached XP level 5. HP: 16/42 MP: 5/5
  2542 | D:3      | Found a sacrificial altar of Ru.
  2570 | D:3      | Became a worshipper of Ru the Awakened
  2657 | D:3      | Found a white marble altar of Elyvilon.
  2667 | D:3      | Noticed Ijyb
  2686 | D:3      | Killed Ijyb
  3035 | D:3      | Reached XP level 6. HP: 31/48 MP: 6/6
  3234 | D:3      | Reached skill level 1 in Throwing
  3588 | D:3      | Found an opulent altar of Gozag.
  3715 | D:3      | Noticed Jessica
  3725 | D:3      | Killed Jessica
  4224 | D:4      | Found a glowing drain.
  4244 | Sewer    | Entered a sewer
  4254 | Sewer    | Gained mutation: You cannot read scrolls while threatened.
                  | [Ru sacrifice]
  4254 | Sewer    | Reached * piety under Ru
  4415 | Sewer    | Noticed Purgy
  4421 | Sewer    | Killed Purgy
  4421 | Sewer    | Reached skill level 5 in Shields
  4421 | Sewer    | Reached XP level 7. HP: 47/55 MP: 7/7
  4717 | D:4      | Found a shadowy altar of Dithmenos.
  4725 | D:4      | Found a shattered altar of Ashenzari.
  4961 | D:4      | Found a staircase to the Ecumenical Temple.
  5031 | D:4      | Found a bloodstained altar of Trog.
  5041 | D:4      | Reached skill level 5 in Axes
  5041 | D:4      | Reached skill level 5 in Armour
  5115 | D:4      | Reached skill level 5 in Fighting
  5192 | D:5      | Entered Level 5 of the Dungeon
  5213 | D:5      | Reached XP level 8. HP: 56/62 MP: 8/8
  6404 | D:6      | Reached XP level 9. HP: 53/69 MP: 9/9
  6427 | D:6      | Gained mutation: You take slightly more damage. (AC -5) [Ru
                  | sacrifice]
  6427 | D:6      | Reached ** piety under Ru
  6783 | D:6      | Noticed Duvessa
  6783 | D:6      | Noticed Dowan
  7143 | D:6      | Killed Duvessa
  7143 | D:6      | Killed Dowan
  7480 | D:6      | Found a burning altar of Makhleb.
  7487 | D:6      | Found a glowing silver altar of Zin.
  7487 | D:6      | Noticed a blizzard demon
  7487 | D:6      | Noticed an angel
  8316 | D:7      | Found an ornate altar of the Wu Jian Council.
  8934 | D:7      | HP: 1/71 [gnoll/+0 halberd (7)]
  8937 | D:7      | Mangled by a gnoll

Illustrated notes

Levels and vault maps discovered:
D:1:      elethiomel_arrival_maze, layout_loops_ring, chequers_decorated_corner
D:2:      layout_loops_ring, nicolae_overflow_hidden_temple, lemuel_round_altar,
          uniq_robin
D:3:      layout_loops_corners, grunt_gozag_breadcrumbs, lemuel_crystal_altar,
          first_ration, nicolae_ru_great_annihilating_truth, uniq_jessica,
          uniq_ijyb
D:4:      layout_cave_pools, nicolae_overflow_crystal_walls,
          trog_eyes_of_draining, lemuel_doored_altar,
          minmay_temple_entry_antechambers, gup_sewer_entry_pipe,
          minmay_fractal_squares_gapless_5
D:5:      layout_rooms
D:6:      layout_rooms, grunt_temple_overflow_order_and_chaos_2, uniq_duvessa
D:7:      layout_gridville, overflow_temple_1_default, dancing_weapons_uskayaw,
          basic_altar, uniq_harold

Skill      XL: |  1  2  3  4  5  6  7  8  9 |
---------------+----------------------------+-----
Shields        | 4 5 6 7 |  7.3
Axes           | 3 4 5 6 7 |  7.8
Armour         | 4 5 6 |  6.7
Fighting       | 4 5 6 |  6.7
Throwing       | 1 2 3 4 |  4.7

Action                   |  1- 3 |  4- 6 |  7- 9 || total
-------------------------+-------+-------+-------++-------
Melee: War axe           |   112 |   242 |   261 ||   615
Throw: Dart              |       |    10 |       ||    10
       Javelin           |       |       |    13 ||    13
Invok: Sacrifice Words   |       |     1 |       ||     1
       Sacrifice Health  |       |       |     1 ||     1
  Use: Scroll            |       |     2 |       ||     2
       Potion            |       |     1 |     4 ||     5
 Stab: Paralysed         |       |     1 |       ||     1
       Distracted        |       |       |     1 ||     1
  Eat: Chunk             |     1 |    10 |    12 ||    23
       Ration            |       |       |     2 ||     2
Armor: Scale mail        |    53 |   102 |    61 ||   216
Dodge: Dodged            |    39 |    70 |    98 ||   207
Block: Kite shield       |    76 |   120 |   158 ||   354

Table legend:
 A = Non-vault XP
 B = Vault XP
 C = Vault XP percentage of total XP
 D = Non-vault monster count
 E = Vault monster count
 F = Vault count percentage of total count
                 A         B        C        D         E       F
            +---------+---------+-------+---------+---------+-------
      Total |    3082 |     796 |  20.5 |     146 |      38 |  20.7
            +---------+---------+-------+---------+---------+-------
        D:1 |      49 |       0 |   0.0 |      25 |       0 |   0.0
        D:2 |      84 |      35 |  29.4 |      32 |      11 |  25.6
        D:3 |     122 |     116 |  48.7 |      26 |       6 |  18.8
        D:4 |     149 |     275 |  64.9 |      10 |      13 |  56.5
        D:5 |     878 |       0 |   0.0 |      17 |       0 |   0.0
        D:6 |    1311 |     226 |  14.7 |      27 |       2 |   6.9
        D:7 |     489 |       0 |   0.0 |       9 |       0 |   0.0
      Sewer |       0 |     144 | 100.0 |       0 |       6 | 100.0
            +---------+---------+-------+---------+---------+-------
